AoeStats
← DerKuhmichel

Arena

507329791Analyzed
4v4 RM · 14d ago on Sep 17, 2026· 45m 44s· 8 players
Game mode
Random Map
Map size
Large (8 player)
Population
200
Speed
Normal
Resources
Standard
Victory
Conquest
Starting age
Dark Age
Ending age
Imperial Age
RankedLock teamsTeams togetherTeam positionsShared explorationLock speedFull tech treeHidden civsTurbo modeCheats
Victory
Defeat
🇩🇪 Saracens · Germany
1273
+11
🇳🇱 Aztecs · Netherlands
1190
+14
🇩🇪 Koreans · Germany
1107
+18
🇩🇪 Ethiopians · Germany
1030
+21
🇬🇧 Spanish · United Kingdom
1173
-17
🇮🇹 Franks · Italy
1154
-16
🇨🇳 Bengalis · China
1147
-16
🇫🇷 Bohemians · France
1130
-15
md00rn
10:56 Feudal Age
14:48 Castle Age
14:42 Loom
16:50 Double-Bit Axe
16:45 Horse Collar
25:20 Imperial Age
24:58 Bow Saw
28:23 Heavy Plow
29:27 Conscription
30:59 Chemistry
32:26 Fletching
32:37 Padded Archer Armor
35:50 Leather Archer Armor
Trash Panda
10:56 Feudal Age
13:11 Double-Bit Axe
13:42 Horse Collar
16:24 Castle Age
17:12 Loom
ITA | Hexandro
11:25 Feudal Age
15:27 Castle Age
13:24 Double-Bit Axe
14:09 Gold Mining
23:45 Scale Barding Armor
25:15 Fletching
25:26 Padded Archer Armor
26:28 Bodkin Arrow
26:54 Elite Skirmisher
30:18 Ballistics
30:51 Bow Saw
31:51 Forging
33:08 Iron Casting
36:30 Imperial Age
35:06 Chain Barding Armor
35:26 Husbandry
36:34 Cavalier
鱼鱼
10:02 Feudal Age
14:39 Castle Age
15:16 Double-Bit Axe
16:39 Horse Collar
25:01 Fortified Wall
25:26 Bow Saw
26:52 Wheelbarrow
27:59 Hand Cart
30:25 Imperial Age
28:59 Fletching
29:10 Padded Archer Armor
29:32 Ballistics
29:18 Loom
29:18 Town Watch
30:21 Paiks
30:43 Bloodlines
30:34 Husbandry
30:56 Bodkin Arrow
31:16 Leather Archer Armor
32:05 Chemistry
30:28 Elite Elephant Archer
31:39 Bracer
32:08 Conscription
36:06 Gold Mining
36:09 Stone Mining
37:32 Masonry
37:29 Siege Engineers
37:37 Masonry
40:54 Crossbowman
46:16 Ring Archer Armor
CraB
10:41 Feudal Age
14:48 Castle Age
13:04 Horse Collar
15:56 Loom
19:53 Wheelbarrow
19:05 Town Watch
19:15 Double-Bit Axe
22:44 Hand Cart
22:32 Heavy Plow
23:31 Gold Mining
23:36 Stone Mining
23:40 Fletching
28:29 Imperial Age
26:08 Scale Barding Armor
27:31 Bodkin Arrow
28:00 Chain Barding Armor
28:13 Bow Saw
28:39 Bloodlines
28:29 Husbandry
30:49 Conscription
31:11 Bracer
31:47 Plate Barding Armor
30:33 Elite Mameluke
32:19 Chemistry
32:54 Two-Man Saw
32:50 Ballistics
34:23 Hoardings
34:44 Thumb Ring
35:05 Parthian Tactics
35:49 Padded Archer Armor
37:12 Gold Shaft Mining
37:05 Leather Archer Armor
37:01 Forging
39:52 Ring Archer Armor
39:57 Iron Casting
42:56 Guard Tower
46:30 Blast Furnace
oedoenderpeiniger
11:06 Feudal Age
9:29 Loom
14:58 Castle Age
13:13 Loom
13:34 Town Watch
14:28 Double-Bit Axe
27:17 Horse Collar
27:40 Gold Mining
28:49 Wheelbarrow
31:07 Husbandry
31:03 Fletching
35:56 Imperial Age
34:14 Heavy Plow
34:53 Fortified Wall
35:04 Ballistics
35:26 Bow Saw
36:27 Town Patrol
37:22 Conscription
37:34 Hand Cart
36:50 Elite Skirmisher
38:55 Bodkin Arrow
44:21 Bracer
45:49 Chemistry
45:25 Thumb Ring
46:33 Two-Man Saw
DerKuhmichel
9:28 Loom
12:14 Feudal Age
16:35 Castle Age
14:32 Horse Collar
14:53 Double-Bit Axe
18:46 Bow Saw
18:41 Fletching
22:05 Heavy Plow
21:56 Pikeman
23:13 Squires
24:55 Wheelbarrow
29:58 Scale Mail Armor
32:18 Hand Cart
33:32 Forging
33:37 Chain Mail Armor
33:34 Bodkin Arrow
36:56 Iron Casting
39:29 Imperial Age
37:00 Elite Skirmisher
37:42 Padded Archer Armor
38:08 Atlatl
38:52 Arson
40:13 Leather Archer Armor
40:35 Ballistics
40:26 Clinker Construction
41:47 Bracer
44:01 Chemistry
44:24 Plate Mail Armor
43:44 Capped Ram
Maj. Payne
10:18 Feudal Age
10:49 Horse Collar
11:10 Double-Bit Axe
15:09 Stone Mining
15:45 Loom
19:01 Castle Age
17:57 Fletching
18:09 Scale Mail Armor
19:05 Town Watch
20:56 Bow Saw
21:07 Heavy Plow
22:03 Wheelbarrow
26:39 Bodkin Arrow
26:35 Crossbowman
31:05 Hand Cart
31:41 Chain Mail Armor
31:36 Squires
33:58 Ballistics
36:13 Imperial Age
34:01 Padded Archer Armor
34:20 Gold Mining
35:08 Stone Shaft Mining
34:46 Royal Heirs
35:32 Masonry
35:36 Forging
35:22 Arson
36:28 Town Patrol
36:46 Halberdier
37:36 Thumb Ring
38:52 Plate Mail Armor
38:23 Bracer
39:24 Iron Casting
40:13 Chemistry
39:44 Architecture
39:40 Conscription
40:38 Architecture
42:19 Two-Man Saw
42:36 Blast Furnace
42:15 Leather Archer Armor
41:46 Sappers
43:43 Gold Shaft Mining
42:55 Arbalester
44:44 Siege Engineers
44:06 Elite Shotel Warrior
45:37 Murder Holes
45:33 Guard Tower
45:54 Fortified Wall
46:16 Ring Archer Armor
45:51 Scale Barding Armor
45:09 Elite Skirmisher
45:13 Man-at-Arms
Connection lost

Rejoining the realm…

Still unreachable

The connection could not be restored.

Session expired

The server has moved on; the page needs a fresh start.